 Dungeon Crawl Stone Soup version 0.22-a0-458-gb446440d2e (webtiles) character file.

150 RedPan the Purveyor of Pain (level 5, -4/35 HPs)
             Began as a Vampire Necromancer on June 7, 2018.
             Was an Initiate of Kikubaaqudgha.
             Slain by an ogre
             ... wielding a +0 giant club
              (30 damage)
             ... on level 4 of the Dungeon on June 8, 2018.
             The game lasted 00:10:36 (5805 turns).

RedPan the Purveyor of Pain (Vampire Necromancer)   Turns: 5805, Time: 00:10:39

Health: -4/35      AC:  3    Str:  7    XL:     5   Next: 10%
Magic:  10/10      EV: 12    Int: 18    God:    Kikubaaqudgha [......]
Gold:   157        SH:  3    Dex: 15    Spells: 3/11 levels left

rFire    . . .     SeeInvis +   b - -3 short sword (curse)
rCold    + . .     Gourm    .   h - +0 buckler
rNeg     + + .     Faith    .   a - +1 robe
rPois    +         Spirit   .   (no helmet)
rElec    .         Reflect  .   (no cloak)
rCorr    .         Harm     .   (no gloves)
MR       .....                  (no boots)
Stlth    +++.......             (no amulet)
HPRegen  0.05/turn              (no ring)
MPRegen  0.12/turn              (no ring)

@: regenerating slowly
A: fangs 3, see invisible, unbreathing
a: Bat Form, Renounce Religion


You were on level 4 of the Dungeon.
You worshipped Kikubaaqudgha.
Kikubaaqudgha was noncommittal.
You were thirsty.

You visited 1 branch of the dungeon, and saw 4 of its levels.

You collected 157 gold pieces.

Inventory:

Hand Weapons
 b - a cursed -3 short sword (weapon)
 d - a +1 hand axe of chopping
Armour
 a - a +1 robe (worn)
 h - a +0 buckler (worn)
Scrolls
 f - a scroll of identify
Potions
 c - 11 potions of blood
 e - a potion of flight
 g - 3 potions of curing
 i - 2 potions of mutation


   Skills:
 + Level 0.1 Fighting
 - Level 2.1 Dodging
 - Level 3.0 Stealth
 + Level 0.1 Shields
 + Level 3.7 Spellcasting
 + Level 5.8 Necromancy


You had 3 spell levels left.
You knew the following spells:

 Your Spells              Type           Power        Failure   Level  Hunger
a - Pain                  Necr           ###.         2%          1    None
b - Animate Skeleton      Necr           N/A          2%          1    None
c - Vampiric Draining     Necr           ###.......   7%          3    ###....
d - Regeneration          Chrm/Necr      ##........   22%         3    ###....

Your spell library contained the following spells:

 Spells                   Type           Power        Failure   Level  Hunger
 Animate Dead             Necr           N/A          22%         4    ####...


Dungeon Overview and Level Annotations

Branches:
Dungeon (4/15)
 Temple: D:4-7

Altars:
Ashenzari
Kikubaaqudgha

Annotations:
D:2 exclusion: downstairs
D:3 HANFGEIST's ghost, amateur OpTm


Innate Abilities, Weirdness & Mutations

You heal slowly.
You have razor-sharp teeth.
You have supernaturally acute eyesight. (SInv)
You can survive without breathing.


Message History

What are your orders? t - Shout!
Orders for allies: a - Attack new target. r - Retreat! s - Stop attacking. g - Guard the area. f - Follow me.
Anything else - Cancel.
Gang up on whom?
Press: ? - help, Dir - move target cursor, f - ogre
Aim: an ogre, wielding a giant club (resting)
Okay, then.
Found a scroll labeled RIURGHU ZIPT and 25 stones.
The helpless ogre fails to defend itself.
You bite the ogre, and draw its blood!
You feel better.
You are feeling thirsty.
You hit the ogre. Your bite misses the ogre.
The ogre is lightly wounded.
The ogre hits you with a giant club!!
Ouch! That really hurt!
You die...
Kikubaaqudgha rasps: "You have failed me!
Welcome... oblivion!"

#### ## ..... ..
########+####.....
....###.................
......#......../.(.....(
......#................?
......#.........@O......
......#........Z###.....
#.....#..?......# ...
#.....#.........# #
'.....+.........#
#.....####..##.##
#Z....# ##..Z.# .######
#....#
..#########....###


You could see an ogre, a friendly leopard gecko skeleton and a friendly orc
skeleton.

Vanquished Creatures
  5 adders
  An adder zombie (D:3)
  4 worms
  2 leopard geckos
  5 orcs
  4 giant cockroaches
  12 goblins
  7 hobgoblins
  9 jackals
  7 kobolds
  3 bats
  12 frilled lizards
  9 rats
80 creatures vanquished.

Notes
Turn   | Place    | Note
-------+----------+-------------------------------------------
     0 | D:1      | RedPan the Vampire Necromancer began the quest for the Orb.
     0 | D:1      | Reached XP level 1. HP: 13/13 MP: 3/3
   249 | D:1      | Reached XP level 2. HP: 5/19 MP: 0/5
  1491 | D:2      | Learned a level 1 spell: Animate Skeleton
  1534 | D:2      | Reached skill level 5 in Necromancy
  1534 | D:2      | Reached XP level 3. HP: 21/24 MP: 5/7
  2793 | D:2      | HP: 1/24 [worm (2)]
  3065 | D:2      | Learned a level 3 spell: Vampiric Draining
  3417 | D:2      | Reached XP level 4. HP: 14/30 MP: 3/8
  3582 | D:2      | Learned a level 3 spell: Regeneration
  3768 | D:3      | Noticed HANFGEIST's ghost (amateur OpTm)
  3778 | D:3      | Upgraded the game from 0.22-a0-456-g11ed031617 to 0.22-a0-458-gb446440d2e
  4328 | D:3      | Found an ancient bone altar of Kikubaaqudgha.
  4342 | D:3      | Became a worshipper of Kikubaaqudgha
  4799 | D:3      | Reached XP level 5. HP: 6/35 MP: 3/10
  5725 | D:4      | Found a shattered altar of Ashenzari.
  5796 | D:4      | Noticed an ogre
  5805 | D:4      | Slain by an ogre

Vault maps used:
D:1:      lemuel_arrival_funnel, hangedman_decor_push,
          kennysheep_decorative_pillar, minivault_11, minmay_distorted
D:2:      first_ration, minmay_strange_pillars
D:3:      overflow_temple_1_default
D:4:      kennysheep_big_flooded_room, grunt_temple_overflow_open,
          minmay_temple_entry_butterflies, ashenzari_altar_1

Skill      XL: |  1  2  3 |
---------------+----------+-----
Necromancy     | 5 |  5.8
Spellcasting   | 3 |  3.7
Fighting       | |  0.1
Dodging        | |  2.1
Stealth        | |  3.0
Shields        | |  0.1

Action                   |  1- 3 |  4- 6 || total
-------------------------+-------+-------++-------
Melee: Short sword       |    13 |    47 ||    60
       Bite              |     1 |     4 ||     5
 Cast: Pain              |    82 |    62 ||   144
       Regeneration      |       |     5 ||     5
       Animate Skeleton  |       |     3 ||     3
       Vampiric Draining |       |     1 ||     1
  Use: Potion            |     4 |     4 ||     8
       Scroll            |       |     6 ||     6
 Stab: Sleeping          |       |     4 ||     4
Armor: Robe              |     4 |    13 ||    17
Dodge: Dodged            |    25 |    45 ||    70
Block: Buckler           |       |     1 ||     1

Table legend:
 A = Spawn XP
 B = Non-spawn XP
 C = Spawn XP percentage of total XP
 D = Spawn monster count
 E = Non-spawn monster count
 F = Spawn count percentage of total count
 G = Total turns spent on level
                    A         B        C        D         E        F      G
               +---------+---------+-------+---------+---------+-------+---------
         Total |       0 |     215 |   0.0 |       0 |      80 |   0.0 |  5805
               +---------+---------+-------+---------+---------+-------+---------
           D:1 |       0 |      32 |   0.0 |       0 |      20 |   0.0 |  2091
           D:2 |       0 |      81 |   0.0 |       0 |      29 |   0.0 |  1662
           D:3 |       0 |      96 |   0.0 |       0 |      29 |   0.0 |  1962
           D:4 |       0 |       6 |   0.0 |       0 |       2 |   0.0 |    90
               +---------+---------+-------+---------+---------+-------+---------
